Map: 2000 Atmosphären LE

Players

Cheater-1 (Extrem)

  • Race: Protoss Protoss

Luca - Winner!

  • Race: Terran Terran

VOD

Have the link to the VOD?

Description

Time

  • Played on: March 12, 2022, 4:59 p.m.
  • Length: 9:26
Show
View Real Time Build Order
Export as new Build Order

Cheater-1 (Extrem) Protoss 

Build Orders: Mass Adepts, Zealot Archon 

Get SALT Encoding   

  12  0:00  Probe  
  13  0:13  Probe  
  14  0:19  Pylon  
  14  0:25  Probe  
  15  0:33  Probe  
  15  0:41  Probe  
  15  0:42  Assimilator  
  16  0:45  Gateway  
  17  0:51  Probe  
  17  0:53  Pylon  
  18  0:59  Probe  
  19  1:07  Probe  
  19  1:17  Probe  
  21  1:29  Gateway  
  21  1:30  Probe  
  22  1:33  Zealot  
  22  1:34  Cybernetics Core  
  22  1:38  Pylon  
  24  1:42  Probe  
  25  1:54  Probe  
  25  2:00  Zealot  
  28  2:03  Probe  
  29  2:11  Gateway  
  29  2:12  Warp Gate  
  29  2:15  Gateway  
  29  2:16  Adept  
  31  2:27  Adept, Pylon, Probe  
  34  2:46  Adept  
  34  2:50  Pylon  
  36  2:52  Adept  
  36  2:57  Adept  
  40  3:01  Adept  
  42  3:09  Pylon  
  42  3:16  Adept  
  42  3:17  Adept  
  46  3:27  Adept  
  46  3:31  Adept, Pylon  
  46  3:33  Assimilator  
  50  3:37  Probe  
  50  3:41  Twilight Council  
  51  3:46  Adept  
  51  3:47  Adept  
  55  3:52  Adept  
  55  4:02  Pylon  
  57  4:09  Adept  
  59  4:19  Templar Archives  
  59  4:23  Adept  
  61  4:25  Adept, Nexus  
  63  4:38  Zealot, Probe  
  62  4:50  Probe  
  63  4:56  High Templar x2  
  67  5:01  Stalker  
  67  5:02  Probe  
  67  5:04  Archon  
  65  5:10  Pylon  
  57  5:14  Probe  
  58  5:25  High Templar  
  58  5:26  Probe  
  61  5:34  Probe  
  61  5:37  Probe  
  61  5:42  Probe  
  57  5:47  Assimilator  
  57  5:49  Probe  
  59  5:53  Probe  
  58  6:01  Probe  
  58  6:04  Assimilator, High Templar  
  56  6:05  Probe  
  52  6:13  Probe  
  52  6:14  Probe  
  54  6:22  Probe  
  55  6:25  Probe  
  55  6:28  Archon  
  55  6:30  Probe  
  53  6:37  Probe  
  53  6:38  Probe  
  52  6:47  Probe  
  48  6:49  Probe  
  50  6:58  Probe  
  49  7:02  Probe  
  49  7:10  Probe  
  49  7:13  Probe  
  46  7:21  Probe  
  46  7:22  Probe  
  47  7:29  Probe  
  45  7:33  Probe  
  46  7:40  Probe  
  46  7:41  Probe  
  44  7:49  Probe  
  44  7:52  Probe  
  44  8:00  Probe  
  44  8:04  Probe  
  43  8:13  Probe  
  43  8:16  Probe  
  40  8:25  Probe  
Show
View Real Time Build Order
Export as new Build Order

Luca Terran - Winner!

Build Orders:  

Get SALT Encoding   

  12  0:00  SCV  
  13  0:12  SCV  
  14  0:16  Supply Depot  
  14  0:24  SCV  
  15  0:28  Refinery  
  15  0:38  SCV  
  16  0:46  Barracks  
  16  0:50  SCV  
  17  1:03  SCV  
  18  1:07  Engineering Bay  
  18  1:15  SCV  
  18  1:27  SCV  
  19  1:36  Factory, Marine  
  19  1:39  Orbital Command  
  20  1:47  Refinery  
  20  1:50  Supply Depot  
  20  1:53  Marine  
  21  2:04  SCV  
  22  2:11  Marine  
  23  2:17  SCV  
  23  2:20  Armory  
  24  2:29  Marine  
  25  2:30  Starport  
  25  2:33  SCV  
  26  2:38  Widow Mine  
  28  2:45  SCV  
  28  2:47  Marine  
  30  2:56  Supply Depot  
  30  2:58  SCV  
  31  3:01  Factory Tech Lab  
  31  3:13  Medivac, Marine  
  31  3:19  Drilling Claws  
  34  3:20  Widow Mine  
  36  3:31  Marine  
  37  3:42  Widow Mine  
  37  3:48  Medivac  
  41  3:54  Command Center  
  41  3:57  Marine  
  42  4:03  Widow Mine  
  44  4:13  Barracks  
  44  4:14  SCV  
  45  4:23  Marine  
  46  4:29  SCV  
  47  4:36  Widow Mine  
  44  4:41  Medivac  
  44  4:42  SCV  
  47  4:47  Barracks  
  47  4:55  Marine  
  47  4:57  Widow Mine  
  50  5:00  SCV  
  50  5:16  Medivac  
  50  5:17  Barracks Tech Lab  
  50  5:19  Widow Mine  
  54  5:22  Barracks Reactor  
  54  5:23  Orbital Command  
  54  5:25  SCV  
  55  5:34  Supply Depot  
  55  5:35  Barracks Tech Lab  
  55  5:36  Marauder  
  55  5:38  SCV  
  55  5:40  Widow Mine  
  60  5:49  SCV  
  61  5:56  Marauder  
  63  5:57  Marauder  
  63  6:01  Widow Mine  
  63  6:03  SCV x2  
  69  6:05  Marine  
  69  6:06  Marine  
  69  6:07  Concussive Shells  
  71  6:15  Supply Depot, SCV x2  
  71  6:18  Marauder, Marine  
  75  6:23  Widow Mine  
  78  6:26  Supply Depot  
  78  6:37  Marauder, Marine, SCV x2  
  78  6:38  Supply Depot  
  78  6:39  Marauder  
  83  6:49  SCV  
  83  6:50  Marine  
  83  6:52  SCV  
  86  6:55  Supply Depot, Command Center  
  86  6:59  Marauder  
  88  7:01  SCV  
  88  7:02  Bunker  
  88  7:04  Marauder  
  88  7:05  SCV  
  92  7:10  Medivac  
  92  7:11  Widow Mine, Marine  
  92  7:12  Marine  
  92  7:13  SCV  
  99  7:17  Supply Depot  
  99  7:21  SCV  
  100  7:28  Marauder x2  
  100  7:29  SCV  
  105  7:32  Widow Mine  
  105  7:33  SCV  
  105  7:36  Refinery  
  108  7:38  Refinery  
  108  7:41  Supply Depot, SCV  
  107  7:47  SCV  
  107  7:48  Marine x2  
  107  7:49  Marauder  
  112  7:53  Marauder, SCV  
  112  7:58  Widow Mine  
  117  8:06  Marine  
  117  8:07  Marine  
  117  8:10  Orbital Command  
  117  8:11  Marauder  
  117  8:12  SCV x2  
  123  8:15  Marauder, Supply Depot  
  125  8:24  SCV  
  126  8:28  Marine  
  126  8:32  Marauder  
  126  8:43  SCV  
  126  8:44  Supply Depot, Orbital Command, SCV  
  126  8:45  Marauder, Marine  
  126  8:47  Medivac  
  126  8:48  Widow Mine, Barracks  
  136  8:50  Barracks  
  136  8:53  Marine  
  136  8:54  Marauder  
  138  8:55  SCV  
  138  8:56  SCV  
  140  9:07  Supply Depot  
  140  9:08  SCV  
Tags
 
Add a new tag
Caveats
  • Supply blocks, unpowered buildings, or Contaminate may cause inaccurate times.
  • Supply counts are checked every 10 seconds.